 Dungeon Crawl Stone Soup version 0.25-a0-67-g7dccc1bee0 (webtiles) character file.

Game seed: 12938454797113829686, levelgen mode: deterministic

660 iamserjio the Skirmisher (level 7, -5/53 HPs)
             Began as an Octopode Wanderer on Nov 1, 2019.
             Slain by an ice beast (11 damage)
             ... on level 5 of the Dungeon.
             The game lasted 00:05:31 (5616 turns).

iamserjio the Skirmisher (Octopode Wanderer)        Turns: 5616, Time: 00:05:32

Health: -5/53      AC:  1    Str: 13    XL:     7   Next: 56%
Magic:  8/8        EV: 16    Int: 14    God:
Gold:   271        SH:  0    Dex: 12    Spells: 6/6 levels left

rFire    . . .     SeeInvis .   v - +1 dagger (elec)
rCold    . . .     Gourm    .   (no shield)
rNeg     . . .     Faith    .   (helmet restricted)
rPois    .         Spirit   .   (no amulet)
rElec    .         Reflect  .   o - ring of resist corrosion
rCorr    +         Harm     .   (no ring)
MR       .....                  (no ring)
Stlth    ++........             (no ring)
HPRegen  0.17/turn              (no ring)
MPRegen  0.11/turn              (no ring)
                                (no ring)
                                (no ring)

@: no status effects
A: almost no armour, stealthy swim, amphibious, 8 rings, constrict 8, camouflage
1, gelatinous body 1
a: no special abilities


You were on level 5 of the Dungeon.
You were hungry.

You visited 1 branch of the dungeon, and saw 5 of its levels.
You also visited: Sewer.

You collected 271 gold pieces.

Inventory:

Hand Weapons
 a - a +2 shortbow
 i - a +0 whip of electrocution
 v - a +1 dagger of electrocution (weapon)
Missiles
 b - 67 arrows
 k - 2 boomerangs of dispersal (quivered)
 s - 5 boomerangs
 t - 7 poisoned darts
 w - 4 silver boomerangs
Jewellery
 o - a ring of resist corrosion (left tentacle)
Wands
 q - a wand of iceblast (6)
 x - a wand of digging (7)
Scrolls
 e - 2 scrolls of remove curse {@r2}
 f - a scroll of magic mapping {unknown}
 g - 3 scrolls of identify {unknown}
 m - a scroll of enchant armour {unknown}
 n - 2 scrolls of teleportation {unknown}
 r - a scroll of immolation {unknown}
 y - a scroll of random uselessness {unknown}
Potions
 c - 2 potions of lignification
 h - a potion of curing {@q1}
 j - 2 potions of flight {unknown}
 l - 2 potions of heal wounds {unknown}
 p - a potion of brilliance {unknown}
Comestibles
 d - 8 rations
 u - 2 chunks of flesh


   Skills:
 + Level 6.5 Fighting
   Level 1.0 Axes
 - Level 2.0 Bows
 + Level 2.6 Throwing
 * Level 5.7 Dodging
   Level 1.0 Shields
 - Level 2.0 Evocations


You had 6 spell levels left.
You didn't know any spells.
Your spell library was empty.

Dungeon Overview and Level Annotations

Branches:
Dungeon (5/15)              Sewer (visited)
 Temple: D:4-7

Altars:
Cheibriados
Gozag
Hepliaklqana
Nemelex Xobeh
Qazlal
Zin


Innate Abilities, Weirdness & Mutations

You cannot wear most types of armour.
You are very stealthy in the water. (Stealth+)
You are amphibious.
You can wear up to eight rings at the same time.
You can use your tentacles to constrict eight enemies at once.
Your skin changes colour to match your surroundings (Stealth+).
Your rubbery body absorbs attacks. (AC +1, EV +1)


Message History

You are too injured to fight recklessly!
You hit the ice beast but do no damage. The ice beast misses you.
You barely miss the ice beast. Your squeeze misses the ice beast.
The ice beast barely misses you.
You barely miss the ice beast. The ice beast closely misses you.
You hit the ice beast.
You are feeling hungry.
The ice beast barely misses you.
You hit the ice beast but do no damage. The ice beast hits you.
The ice beast freezes you!
You hit the ice beast but do no damage. The ice beast closely misses you.
You closely miss the ice beast. The ice beast closely misses you.
You hit the ice beast but do no damage. The ice beast hits you.
The ice beast freezes you!
* * * LOW HITPOINT WARNING * * *
Okay, then.
You hit the ice beast but do no damage. The ice beast hits you.
* * * LOW HITPOINT WARNING * * *
The ice beast freezes you!
You die...

.# #.#
#.##.#
.# #.#
#.##.#
.# #.#
#.##.#
># #.#
#.##.#
.. ...
..##.#
[#
####.#
#...#
#.###
#@#
#Y#
#.#
#.#
#(#
#.#
#.#
#.#


You could see an ice beast.

Vanquished Creatures
  A big kobold (Sewer)
  A scorpion (D:5)
  A howler monkey (D:4)
  2 orc priests
  A centaur skeleton (D:5)
  A hound (D:4)
  2 worker ants
  An iguana (D:4)
  3 orc wizards (D:4)
  4 gnolls (D:2)
  8 adders
  A worm (D:3)
  2 dart slugs
  A leopard gecko (D:4)
  17 orcs
  7 bats
  9 giant cockroaches
  7 goblins
  5 hobgoblins
  8 jackals
  5 quokkas
  5 ball pythons
  3 frilled lizards
  A jackal skeleton (D:4)
  11 kobolds
  6 rats
113 creatures vanquished.

Notes
Turn   | Place    | Note
-------+----------+-------------------------------------------
     0 | D:1      | iamserjio the Octopode Wanderer began the quest for the
                  | Orb.
     0 | D:1      | iamserjio set off with the following items: a +2 shortbow,
                  | 22 arrows, 2 potions of lignification, a ration
     0 | D:1      | Reached XP level 1. HP: 18/18 MP: 1/1
   121 | D:1      | Reached skill level 1 in Dodging
   129 | D:1      | Reached XP level 2. HP: 24/24 MP: 2/2
   447 | D:1      | Reached XP level 3. HP: 29/29 MP: 3/3
   684 | D:1      | Found a snail-covered altar of Cheibriados.
  1098 | D:2      | Reached XP level 4. HP: 26/35 MP: 4/4
  1450 | D:2      | Reached XP level 5. HP: 24/40 MP: 5/5
  1713 | D:2      | Found a hazy altar of Hepliaklqana.
  1716 | D:2      | Found a glowing silver altar of Zin.
  1719 | D:2      | Found a stormy altar of Qazlal.
  1987 | D:3      | Found a sparkling altar of Nemelex Xobeh.
  3321 | D:4      | Reached skill level 6 in Fighting
  3321 | D:4      | Reached XP level 6. HP: 17/46 MP: 6/6
  3424 | D:4      | Found a glowing drain.
  3440 | Sewer    | Entered a sewer
  3718 | Sewer    | Reached skill level 1 in Evocations
  3752 | Sewer    | HP: 2/46 [poisoned by a big kobold]
  4057 | Sewer    | Found a white marble altar of Elyvilon.
  4280 | D:4      | Reached skill level 5 in Dodging
  4442 | D:4      | Found a snail-covered altar of Cheibriados.
  4473 | D:4      | Reached XP level 7. HP: 14/52 MP: 8/8
  5372 | D:5      | Entered Level 5 of the Dungeon
  5545 | D:5      | Found an opulent altar of Gozag.
  5616 | D:5      | Slain by an ice beast

Levels and vault maps discovered:
D:1:      elethiomel_arrival_infinity_welcomes_careful_drivers, layout_basic,
          cheibriados_altar_1
D:2:      layout_rooms, minitemple, kennysheep_flooded_box
D:3:      layout_basic, nemelex_xobeh_ov_fountains_minmay, serial_forest,
          infiniplex_forest_lined_1, infiniplex_forest_clump_double,
          infiniplex_forest_clump_medium, infiniplex_forest_straight_4,
          infiniplex_forest_lined_room_, infiniplex_forest_diagonal,
          infiniplex_forest_clump_diagonal, infiniplex_forest_clump_large,
          first_ration
D:4:      cheibrodos_pilgrimage, layout_cave_pods, kennysheep_mini,
          portal_sewer_entry_b, enter_ossuary_3
D:5:      layout_loops_ring, lemuel_doored_altar, minmay_temple_entry_grid,
          trog_butcher_becter

Skill      XL: |  1  2  3  4  5  6  7 |
---------------+----------------------+-----
Dodging        | 1 2 3 4 5 |  5.7
Fighting       | 6 |  6.5
Evocations     | 1 2 |  2.0
Throwing       | 2 |  2.6
Axes           | |  1.0
Bows           | |  2.0
Shields        | |  1.0

Action                   |  1- 3 |  4- 6 |  7- 9 || total
-------------------------+-------+-------+-------++-------
Melee: Whip              |       |   124 |    27 ||   151
       Constrict         |       |    28 |     9 ||    37
       Tentacles         |       |    19 |    11 ||    30
       Dagger            |       |       |    19 ||    19
 Fire: Shortbow          |    82 |    39 |       ||   121
Evoke: Wand              |       |       |     2 ||     2
  Use: Scroll            |       |     1 |       ||     1
       Potion            |       |     2 |       ||     2
 Stab: Sleeping          |       |       |     2 ||     2
  Eat: Chunk             |       |    11 |     3 ||    14
Armor: Skin              |       |     8 |     1 ||     9
Dodge: Dodged            |    13 |   109 |    28 ||   150

Table legend:
 A = Non-vault XP
 B = Vault XP
 C = Vault XP percentage of total XP
 D = Non-vault monster count
 E = Vault monster count
 F = Vault count percentage of total count
                 A         B        C        D         E       F
            +---------+---------+-------+---------+---------+-------
      Total |     718 |     226 |  23.9 |      92 |      21 |  18.6
            +---------+---------+-------+---------+---------+-------
        D:1 |      44 |       0 |   0.0 |      24 |       0 |   0.0
        D:2 |     126 |       0 |   0.0 |      25 |       0 |   0.0
        D:3 |     125 |       0 |   0.0 |      18 |       0 |   0.0
        D:4 |     312 |     114 |  26.8 |      22 |      12 |  35.3
        D:5 |     111 |       0 |   0.0 |       3 |       0 |   0.0
      Sewer |       0 |     112 | 100.0 |       0 |       9 | 100.0
            +---------+---------+-------+---------+---------+-------
